 Dungeon Crawl Stone Soup version 0.31-a0-810-ga77100ea1a (webtiles) character file.

Game seed: 16337851814739362683

656 Joey1 the Chopper (level 7, -5/61 HPs)
             Began as a Hill Orc Fighter on Sept 21, 2023.
             Was a Follower of Okawaru.
             Killed from afar by an orc wizard (11 damage)
             ... with a magic dart
             ... on level 5 of the Dungeon.
             The game lasted 00:08:09 (3744 turns).

Joey1 the Chopper (Hill Orc Fighter)                Turns: 3744, Time: 00:08:10

Health: -5/61      AC:  9    Str: 21    XL:     7   Next: 55%
Magic:  7/7        EV:  8    Int:  8    God:    Okawaru [*.....]
Gold:   196        SH:  5    Dex: 10    Spells: 6/6 levels left

rFire   . . .        a - +0 war axe
rCold   . . .        c - +0 buckler
rNeg    . . .        f - +0 chain mail
rPois   .            (no helmet)
rElec   .            (no cloak)
rCorr   .            (no gloves)
SInv    .            (no boots)
Will    +....        (no amulet) Stlth
                     p - ring of willpower
HPRegen 0.30/turn    (no ring)
MPRegen 0.10/turn

%: no passive effects
@: no status effects
A: no striking features
a: Renounce Religion, Convert to Beogh, Heroism


You were on level 5 of the Dungeon.
You worshipped Okawaru.
Okawaru was aware of your devotion.
You visited 2 branches of the dungeon, and saw 6 of its levels.

You collected 196 gold pieces.

Inventory:

Hand Weapons
 a - a +0 war axe (weapon)
Armour
 b - a +0 scale mail
 c - a +0 buckler (worn)
 f - a +0 chain mail (worn)
 o - a +3 ring mail of positive energy
Jewellery
 p - a ring of willpower (left hand)
 q - a +6 ring of strength
Scrolls
 g - a scroll of teleportation {unknown}
 h - a scroll of poison {unknown}
 k - a scroll of revelation {unknown}
 l - 2 scrolls of identify {unknown}
 m - a scroll of vulnerability {unknown}
 n - a scroll of amnesia {unknown}
 r - a scroll of fog {unknown}
 s - a scroll of immolation
 u - a scroll of enchant weapon {unknown}
Potions
 d - 3 potions of might
 e - a potion of curing
 i - 2 potions of enlightenment {unknown}
 j - a potion of degeneration {unknown}
Miscellaneous
 t - a lightning rod (4/4)


   Skills:
 - Level 5.0 Fighting
 * Level 7.8 Axes
 - Level 4.0 Armour
 - Level 2.0 Dodging
 - Level 5.0 Shields


You had 6 spell levels left.
You didn't know any spells.
Your spell library contained the following spells:

 Spells                   Type           Power      Damage    Failure   Level
 Magic Dart               Conj           0%         1d3       98%         1
 Lesser Beckoning         Tloc           0%         N/A       99%         2
 Gell's Gravitas          Tloc           0%         N/A       100%        3
 Mephitic Cloud           Conj/Pois/Air  0%         N/A       100%        3
 Teleport Other           Tloc           0%         N/A       100%        3
 Alistair's Intoxication  Tmut/Pois      0%         N/A       100%        5
 Borgnjor's Vile Clutch   Necr/Erth      0%         N/A       100%        5
 Eringya's Noxious Bog    Tmut/Pois      0%         4d6       100%        6
 Call Imp                 Summ           Unusable   N/A       N/A         2

Dungeon Overview and Level Annotations

Branches:
Dungeon (5/15)             Temple (1/1) D:4

Altars:
Cheibriados
Dithmenos
Fedhas
Hepliaklqana
Kikubaaqudgha
Makhleb
Nemelex Xobeh
Okawaru
Qazlal
Sif Muna
Vehumet
The Shining One

Annotations:
D:5 Edmund


Message History

The orc priest shouts, "Join the one true god or die!"
You miss something. Something hits you but does no damage. Something hits you.
You barely miss something. You block something's attack.
The orc priest threatens, "By the altar or by the axe, you will meet Beogh!"
You hit something. Something hits you. x2
You barely miss something. Something hits you but does no damage.
You closely miss something.
The orc priest shouts, "Join the one true god or die!"
Something hits you but does no damage. x2
You barely miss something.
The orc priest looks encouraged for a moment.
Something hits you but does no damage. x2
You miss something.
You hear some strange, mumbled words.
A puff of flame appears from out of thin air!
The puff of flame hits you!
* * * LOW HITPOINT WARNING * * *
You closely miss something. Something hits you.
* * * LOW HITPOINT WARNING * * *
Something hits you but does no damage.
You closely miss something. Something hits you but does no damage.
You hit something but do no damage. Something hits you but does no damage.
Something hits you.
* * * LOW HITPOINT WARNING * * *
You barely miss something.
The orc priest shouts, "Beogh is our master!
Accept the truth or die!"
Something hits you but does no damage.
You hear some strange, mumbled words.
A magic dart appears from out of thin air!
The magic dart hits you but does no damage.
You miss something. Something hits you but does no damage.
You hit something but do no damage.
The orc priest calls down the wrath of Beogh upon you.
Beogh smites you!
* * * LOW HITPOINT WARNING * * *
You block something's attack.
You hear some strange, mumbled words.
A magic dart appears from out of thin air!
The magic dart hits you!
You die... # # ##...#.# #### ..:...# .... ...... #### ..... ##... ...
Woo

... #{# ..# #@#
#.# #.# +.# #.# #
#####.# #.#
#####.....# #.#
....†.....# # #.#
#########.#.# #.#
... #.#.####.#
###.#####.....##.#


You could see a phantom, an orc priest and an orc.

Vanquished Creatures
  A yak (D:4)
  A water moccasin (D:5)
  A black bear (D:5)
  The ghost of SkeletorGaming the Cudgeller, a weakling DrRe (D:3)
  An orc priest (D:5)
  Terence (D:3)
  2 orc wizards (D:5)
  3 gnolls (D:2)
  4 adders
  A worm (D:3)
  4 dart slugs
  11 orcs
  7 endoplasms
  3 giant cockroaches
  6 goblins
  6 hobgoblins
  10 jackals (D:2)
  5 quokkas
  10 ball pythons
  5 bats
  2 frilled lizards
  4 kobolds
  2 rats (D:1)
91 creatures vanquished.

Notes
Turn   | Place    | Note
-------+----------+-------------------------------------------
     0 | D:1      | Joey1 the Hill Orc Fighter began the quest for the Orb.
     0 | D:1      | Reached XP level 1. HP: 19/19 MP: 1/1
    92 | D:1      | Reached skill level 3 in Axes
   140 | D:1      | Reached XP level 2. HP: 27/27 MP: 2/2
   493 | D:1      | Reached XP level 3. HP: 30/33 MP: 3/3
   761 | D:2      | Reached skill level 4 in Axes
   761 | D:2      | Reached XP level 4. HP: 34/40 MP: 4/4
   780 | D:2      | Reached skill level 1 in Dodging
  1318 | D:3      | Reached XP level 5. HP: 39/46 MP: 5/5
  1342 | D:3      | Found a shimmering blue altar of Sif Muna.
  1693 | D:3      | Noticed Terence
  1704 | D:3      | Killed Terence
  1981 | D:3      | Found a blossoming altar of Fedhas.
  2001 | D:3      | Found a shadowy altar of Dithmenos.
  2459 | D:4      | Found a runed translucent door.
  2510 | D:4      | Found a staircase to the Ecumenical Temple.
  2525 | Temple   | Entered the Ecumenical Temple
  2540 | Temple   | Became a worshipper of Warmaster Okawaru
  2593 | D:4      | Noticed SkeletorGaming's ghost (weakling DrRe)
  2688 | D:4      | Reached skill level 5 in Axes
  2914 | D:4      | Noticed a yak
  2951 | D:3      | Killed SkeletorGaming's ghost
  2952 | D:3      | Reached XP level 6. HP: 45/53 MP: 6/6
  3054 | D:4      | Killed a yak
  3055 | D:4      | Reached skill level 6 in Axes
  3179 | D:5      | Entered Level 5 of the Dungeon
  3179 | D:5      | Noticed a water moccasin
  3224 | D:5      | Noticed Edmund
  3249 | D:5      | Killed a water moccasin
  3250 | D:5      | Reached skill level 5 in Fighting
  3250 | D:5      | Reached XP level 7. HP: 14/61 MP: 7/7
  3509 | D:5      | Reached skill level 5 in Shields
  3516 | D:5      | Reached skill level 7 in Axes
  3623 | D:5      | Reached * piety under Okawaru
  3744 | D:5      | Killed from afar by an orc wizard

Illustrated notes

Levels and vault maps discovered:
D:1:      nzn_arrival_depleted_hourglass, layout_rooms, minmay_misc_feat_pillars
D:2:      layout_rooms
D:3:      layout_basic, lemuel_crystal_altar, grunt_dithmenos_smoke,
          mainiacjoe_overflow_six_doors_small, uniq_terence
D:4:      layout_basic, minmay_temple_entry_slanted, ebering_ghost_inner_flame
D:5:      layout_loops_ring, mainiacjoe_overflow_surrounded_room, serial_shops,
          kennysheep_mini_moat, uniq_edmund, uniq_crazy_yiuf_cottage
Temple:   compressed_dpeg_triangle_lava_temple

Skill      XL: |  1  2  3  4  5  6  7 |
---------------+----------------------+-----
Axes           | 3 4 5 6 7 |  7.8
Fighting       | 4 5 |  5.0
Dodging        | 1 2 |  2.0
Armour         | 4 |  4.0
Shields        | 4 5 |  5.0

Action                     |  1- 3 |  4- 6 |  7- 9 || total
---------------------------+-------+-------+-------++-------
  Melee: War axe           |    79 |   162 |    41 ||   282
    Use: Potion            |       |     1 |       ||     1
 Armour: Scale mail        |    11 |       |       ||    11
         Chain mail        |    71 |   143 |    47 ||   261
  Dodge: Dodged            |    37 |    68 |    12 ||   117
  Block: Buckler           |    23 |    32 |    15 ||    70

Table legend: (Time is in decaauts)
 A = Elapsed time spent in this place.
 B = Non-inter-level travel time spent in this place.
 C = Inter-level travel time spent in this place.
 D = Time resting spent in this place.
 E = Time spent auto-exploring this place.
 F = Levels seen in this place.
 G = Mean time per level.
                   A        B        C        D        E       F      G
               +--------+--------+--------+--------+--------+-----+--------+
         Total |   3828 |   3599 |    229 |    276 |   2566 |   6 |  638.0 |
       Dungeon |   3798 |   3597 |    201 |    276 |   2566 |   5 |  759.6 |
        Temple |     30 |      2 |     28 |      0 |      0 |   1 |   30.0 |
               +--------+--------+--------+--------+--------+-----+--------+

Top non-repeatable levels by time:
     D:4: 1117 daAuts
     D:3: 1066 daAuts
     D:1: 654 daAuts
     D:2: 608 daAuts
     D:5: 350 daAuts
  Temple: 30 daAuts
